Map: Heavy Artillery LE

Players

Nalan

  • Race: Zerg Zerg
  • League: Diamond
  • Spawn Location: 1:00

Fidel

  • Race: Terran Terran
  • Spawn Location: 3:00

qqq - Winner!

  • Race: Zerg Zerg
  • League: Platinum
  • Spawn Location: 7:00

Massa - Winner!

  • Race: Terran Terran
  • League: Platinum
  • Spawn Location: 7:00

VOD

Have the link to the VOD?

Description

Time

  • Played on: Jan. 17, 2021, 8:01 a.m.
  • Length: 5:43
Show
View Real Time Build Order
Export as new Build Order

Nalan Zerg 

Build Orders: Hatch First 

Get SALT Encoding   

  12  0:01  Drone  
  13  0:13  Overlord  
  13  0:19  Drone  
  14  0:32  Drone x2  
  16  0:37  Drone  
  17  0:54  Hatchery  
  16  0:58  Drone  
  16  1:01  Extractor  
  17  1:11  Spawning Pool  
  16  1:37  Drone  
  17  1:47  Drone x2  
  17  1:50  Hatchery, Extractor  
  17  2:16  Drone x2  
  17  2:17  Drone, Queen  
  17  2:22  Queen  
  24  2:34  Drone x4  
  28  2:39  Overlord  
  28  2:53  Overlord x2  
  28  3:02  Queen  
  28  3:05  Drone x3  
  33  3:10  Queen  
  35  3:14  Metabolic Boost  
  35  3:18  Drone  
  36  3:21  Drone x2  
  36  3:25  Drone  
  39  3:29  Drone x2  
  39  3:33  Drone  
  42  3:35  Overlord  
  42  3:44  Overlord x2  
  42  3:53  Lair  
  42  3:54  Drone x3  
  45  4:01  Extractor x2, Drone x2  
  45  4:02  Drone  
  46  4:08  Roach Warren  
  45  4:12  Zergling x6  
  48  4:24  Drone x6  
  49  4:25  Drone x2  
  56  4:35  Zergling x4  
  56  4:37  Overlord x3  
  58  4:45  Drone, Evolution Chamber  
  58  4:46  Overlord x2  
  58  4:56  Extractor  
  58  4:58  Spire  
  56  5:03  Roach  
  56  5:04  Roach x3  
  56  5:09  Roach x2  
  56  5:10  Roach  
  52  5:17  Roach  
  44  5:23  Roach  
Show
View Real Time Build Order
Export as new Build Order

Fidel Terran 

Build Orders: Command Center First (CC) 

Get SALT Encoding   

  12  0:00  SCV  
  13  0:16  SCV  
  14  0:24  Supply Depot  
  14  0:28  SCV  
  15  0:56  Command Center  
  15  0:57  SCV  
  16  1:09  SCV  
  17  1:21  Barracks  
  17  1:22  SCV  
  17  1:25  Refinery  
  18  1:34  SCV  
  19  1:46  SCV  
  19  1:54  Refinery  
  19  1:58  SCV  
  20  2:11  SCV  
  20  2:14  SCV  
  22  2:24  Supply Depot x2  
  22  2:26  SCV  
  22  2:29  Engineering Bay  
  23  2:38  SCV  
  23  2:40  Supply Depot  
  24  2:47  Orbital Command  
  24  2:54  Bunker  
  24  3:03  Orbital Command  
  23  3:08  Marine  
  24  3:14  SCV  
  25  3:26  SCV, Marine  
  27  3:32  SCV  
  28  3:38  SCV  
  28  3:39  Factory  
  29  3:43  Marine  
  29  3:44  SCV  
  31  3:50  SCV  
  32  3:56  SCV  
  32  3:57  Engineering Bay  
  32  4:01  Marine  
  34  4:02  SCV  
  34  4:05  Refinery x2  
  34  4:08  SCV  
  36  4:15  SCV  
  36  4:16  Factory  
  37  4:19  Marine  
  37  4:20  SCV  
  39  4:27  SCV  
  40  4:32  SCV  
  40  4:37  Marine, Factory Reactor  
  42  4:39  SCV  
  42  4:44  SCV  
  44  4:51  SCV  
  45  4:53  Missile Turret x2  
  45  4:54  Missile Turret x2  
  45  4:55  Missile Turret  
  45  4:56  SCV  
  46  5:03  SCV  
  47  5:08  SCV  
  44  5:21  Widow Mine x2, Factory Tech Lab  
  44  5:24  SCV x2  
Show
View Real Time Build Order
Export as new Build Order

qqq Zerg - Winner!

Build Orders: Hatch First 

Get SALT Encoding   

  12  0:00  Drone  
  13  0:10  Drone  
  14  0:20  Overlord  
  14  0:47  Drone  
  14  0:48  Hatchery  
  14  0:59  Drone  
  14  1:00  Drone x2  
  17  1:29  Spawning Pool  
  17  1:30  Extractor  
  17  1:31  Drone  
  17  1:32  Drone  
  17  1:51  Drone  
  17  1:52  Drone  
  19  2:14  Drone x2  
  21  2:24  Queen x2  
  21  2:29  Zergling x4  
  27  2:34  Drone  
  27  2:35  Drone  
  28  2:46  Overlord  
  28  2:55  Overlord  
  28  3:00  Overlord  
  28  3:03  Hatchery  
  27  3:11  Zergling x4  
  27  3:12  Drone x3  
  32  3:29  Roach Warren  
  32  3:30  Metabolic Boost  
  32  3:33  Lair  
  31  3:34  Zergling x2  
  31  3:36  Zergling x2  
  31  3:40  Drone  
  35  3:41  Drone  
  35  3:47  Drone x2  
  37  3:49  Zergling x2  
  37  3:52  Zergling x2  
  39  3:58  Drone x2  
  39  4:01  Extractor  
  40  4:03  Zergling x4  
  42  4:11  Zergling x2  
  43  4:23  Zergling x4  
  45  4:24  Roach  
  45  4:26  Roach x3  
  45  4:27  Roach  
  45  4:29  Zergling x2  
  56  4:34  Drone  
  56  4:35  Drone  
  58  5:03  Overlord  
  58  5:04  Overlord x2  
  56  5:11  Zergling x2, Overlord x2  
  56  5:21  Zergling x2  
  56  5:22  Zergling x4  
  56  5:23  Zergling x6  
Show
View Real Time Build Order
Export as new Build Order

Massa Terran - Winner!

Build Orders:  

Get SALT Encoding   

  12  0:00  SCV  
  13  0:12  SCV  
  14  0:24  SCV  
  14  0:25  Supply Depot  
  15  0:46  Refinery  
  15  0:47  SCV  
  15  0:48  Barracks  
  16  0:59  SCV  
  17  1:11  SCV  
  18  1:23  SCV  
  19  1:35  SCV  
  19  1:36  Bunker  
  19  1:37  Marine  
  21  1:47  SCV  
  22  1:59  SCV  
  23  2:04  Command Center  
  23  2:05  Barracks Reactor  
  23  2:10  Factory  
  23  2:17  Orbital Command  
  23  2:49  Supply Depot  
  23  2:53  Supply Depot  
  23  3:03  Supply Depot  
  23  3:10  SCV, Marine x2  
  26  3:22  SCV  
  26  3:26  Orbital Command  
  27  3:28  Factory Tech Lab, Marine x2  
  27  3:32  Refinery  
  29  3:35  SCV  
  29  3:41  Barracks  
  30  3:43  Starport  
  30  3:46  Hellion  
  30  3:47  Marine x2  
  34  3:55  SCV x2  
  36  4:05  Marine  
  36  4:07  SCV  
  36  4:08  Hellion  
  40  4:25  SCV x2  
  40  4:26  Starport Tech Lab  
  40  4:29  Barracks Tech Lab  
  40  4:30  Marine  
  40  4:31  Marine  
  43  4:36  Engineering Bay  
  43  4:37  SCV  
  43  4:38  SCV  
  46  4:40  Siege Tank  
  49  4:48  Marine  
  49  4:49  SCV, Marine  
  49  4:50  SCV  
Tags
 
Add a new tag
Caveats
  • Supply blocks, unpowered buildings, or Contaminate may cause inaccurate times.
  • Supply counts are checked every 10 seconds.